EVO
UCLA BRUINS @ UNIVERSITY OF SOUTH CAROLINA GAMECOCKS
12/13/2049
 
TOP OF THE 1ST
Rice University Owls batting - Pitching for Vanderbilt University Commodores : RHP Hector Agudelo
Pitching: RHP Hector Agudelo
Batting: SHB Yu-hsui Lew 0-0: Called Strike
0-1: Ball
1-1: Swinging Strike
1-2: Foul Ball, location: 2F
1-2: Ball
2-2: Fly out, F4 (Flyball, 34D, EV 86.2 MPH)
Batting: RHB Jordan Dugue 0-0: Ball
1-0: Called Strike
1-1: Ball
2-1: Called Strike
2-2: Fly out, F8 (Flyball, 8RM, EV 91.2 MPH)
Batting: RHB Fred Saxton 0-0: Ground out 4-3 (Groundball, 4D, EV 110.6 MPH)
Top of the 1st over - 0 runs, 0 hits, 0 errors, 0 left on base; Rice University 0 - Vanderbilt University 0
BOTTOM OF THE 1ST
Vanderbilt University Commodores batting - Pitching for Rice University Owls : RHP Ruben Lozano
Pitching: RHP Ruben Lozano
Batting: RHB Gary Smith 0-0: Ball
1-0: Ground out 5-3 (Groundball, 56, EV 91.9 MPH)
Batting: RHB Alex Diaz 0-0: Ball
1-0: Called Strike
1-1: Ball
2-1: Foul Ball, location: 2F
2-2: Ball
3-2: Strikes out swinging
Batting: RHB Luis Jara 0-0: Ball
1-0: Swinging Strike
1-1: SINGLE (Line Drive, 4MD, EV 96.9 MPH)
Batting: LHB Pete Mitchell 0-0: Called Strike
0-1: Ball
1-1: Called Strike
Luis Jara steals 2nd base
1-2: Strikes out swinging
Bottom of the 1st over - 0 runs, 1 hit, 0 errors, 1 left on base; Rice University 0 - Vanderbilt University 0
TOP OF THE 2ND
Rice University Owls batting - Pitching for Vanderbilt University Commodores : RHP Hector Agudelo
Batting: LHB David Coatney 0-0: Ball
1-0: SOLO HOME RUN (Flyball, 89XD, EV 100.6 MPH), Distance : 408 ft
Batting: SHB Joan Coucieiro 0-0: Foul Ball, location: 2F
0-1: Ball
1-1: Called Strike
1-2: Foul Ball, location: 2F
1-2: Strikes out swinging
Batting: LHB Eddie Lemus 0-0: Called Strike
0-1: Called Strike
0-2: Foul Ball, location: 2F
0-2: Ball
1-2: Fly out, F3 (Line Drive, 34D, EV 67.5 MPH)
Batting: RHB Yu-zeng Mai 0-0: Ball
1-0: Ground out 6-3 (Groundball, 6S, EV 88.8 MPH)
Top of the 2nd over - 1 run, 1 hit, 0 errors, 0 left on base; Rice University 1 - Vanderbilt University 0
BOTTOM OF THE 2ND
Vanderbilt University Commodores batting - Pitching for Rice University Owls : RHP Ruben Lozano
Batting: LHB Jose Diaz 0-0: Ball
1-0: Ball
2-0: Ground out 3-1 (Groundball, 34, EV 110.6 MPH)
Batting: RHB Pakiana Kileona 0-0: Ball
1-0: Ball
2-0: Ball
3-0: Called Strike
3-1: Base on Balls
Batting: RHB Esteban Acuna 0-0: Ball
1-0: Called Strike
1-1: Swinging Strike
1-2: Ball
2-2: Strikes out swinging
Batting: LHB Mario Garza 0-0: Fly out, F9 (Flyball, 9, EV 90.6 MPH)
Bottom of the 2nd over - 0 runs, 0 hits, 0 errors, 1 left on base; Rice University 1 - Vanderbilt University 0
TOP OF THE 3RD
Rice University Owls batting - Pitching for Vanderbilt University Commodores : RHP Hector Agudelo
Batting: RHB Adrian Quilantan 0-0: Foul Ball, location: 2F
0-1: Called Strike
0-2: Ground out U3 (Groundball, 3, EV 107.5 MPH)
Batting: RHB Alex Ruybalid 0-0: Foul Ball, location: 2F
0-1: Ball
1-1: Swinging Strike
1-2: Ball
2-2: Foul Ball, location: 2F
2-2: Foul Ball, location: 2F
2-2: Ball
3-2: Strikes out swinging
Batting: SHB Yu-hsui Lew 0-0: Called Strike
0-1: Ball
1-1: Swinging Strike
1-2: Strikes out swinging
Top of the 3rd over - 0 runs, 0 hits, 0 errors, 0 left on base; Rice University 1 - Vanderbilt University 0
BOTTOM OF THE 3RD
Vanderbilt University Commodores batting - Pitching for Rice University Owls : RHP Ruben Lozano
Batting: SHB Felipe Campanella 0-0: Ball
1-0: Swinging Strike
1-1: Ball
2-1: Ball
3-1: Fly out, F9 (Flyball, 89S, EV 97.5 MPH)
Batting: RHB Gary Smith 0-0: Called Strike
0-1: Foul Ball, location: 2F
0-2: Ball
1-2: Ball
2-2: Ball
3-2: Ground out 6-3 (Groundball, 6MS, EV 85.6 MPH)
Batting: RHB Alex Diaz 0-0: Called Strike
0-1: Ball
1-1: Called Strike
1-2: Foul Ball, location: 3F, Error on foul ball, E3
1-2: Foul Ball, location: 2F
1-2: Foul Ball, location: 2F
1-2: Ball
2-2: Ground out 5-3 (Groundball, 5L, EV 88.1 MPH)
Bottom of the 3rd over - 0 runs, 0 hits, 1 error, 0 left on base; Rice University 1 - Vanderbilt University 0
TOP OF THE 4TH
Rice University Owls batting - Pitching for Vanderbilt University Commodores : RHP Hector Agudelo
Batting: RHB Jordan Dugue 0-0: Swinging Strike
0-1: Swinging Strike
0-2: Ball
1-2: Fly out, F9 (Flyball, 89M, EV 78.8 MPH)
Batting: RHB Fred Saxton 0-0: Swinging Strike
0-1: Ball
1-1: Swinging Strike
1-2: Fly out, F8 (Line Drive, 8LD, EV 86.9 MPH)
Batting: LHB David Coatney 0-0: SINGLE (Groundball, 6M, EV 106.9 MPH) (infield hit)
Batting: SHB Joan Coucieiro 0-0: Ball
1-0: Called Strike
1-1: Foul Ball, location: 2F
1-2: Strikes out swinging
Top of the 4th over - 0 runs, 1 hit, 0 errors, 1 left on base; Rice University 1 - Vanderbilt University 0
BOTTOM OF THE 4TH
Vanderbilt University Commodores batting - Pitching for Rice University Owls : RHP Ruben Lozano
Batting: RHB Luis Jara 0-0: Ground out 5-3 (Groundball, 5, EV 78.1 MPH)
Batting: LHB Pete Mitchell 0-0: Ball
1-0: Ball
2-0: Called Strike
2-1: Fly out, F7 (Flyball, 78S, EV 90.6 MPH)
Batting: LHB Jose Diaz 0-0: Called Strike
0-1: Ball
1-1: Foul Ball, location: 2F
1-2: Ball
2-2: Ground out 4-3 (Groundball, 4S, EV 85.0 MPH)
Bottom of the 4th over - 0 runs, 0 hits, 0 errors, 0 left on base; Rice University 1 - Vanderbilt University 0
TOP OF THE 5TH
Rice University Owls batting - Pitching for Vanderbilt University Commodores : RHP Hector Agudelo
Batting: LHB Eddie Lemus 0-0: Fly out, F7 (Flyball, 7, EV 87.5 MPH)
Batting: RHB Yu-zeng Mai 0-0: Called Strike
0-1: Called Strike
0-2: Ball
1-2: TRIPLE (Flyball, 78D, EV 99.4 MPH)
Batting: RHB Adrian Quilantan 0-0: Ball
1-0: Ground out 6-3 (Groundball, 6S, EV 73.8 MPH)
Yu-zeng Mai scores
Batting: RHB Alex Ruybalid 0-0: Called Strike
0-1: Called Strike
0-2: Ball
1-2: Strikes out swinging
Top of the 5th over - 1 run, 1 hit, 0 errors, 0 left on base; Rice University 2 - Vanderbilt University 0
BOTTOM OF THE 5TH
Vanderbilt University Commodores batting - Pitching for Rice University Owls : RHP Ruben Lozano
Batting: RHB Pakiana Kileona 0-0: Ball
1-0: Called Strike
1-1: Called Strike
1-2: Foul Ball, location: 2F
1-2: Foul Ball, location: 2F
1-2: Foul Ball, location: 2F
1-2: Foul Ball, location: 2F
1-2: Ball
2-2: Ball
3-2: SINGLE (Groundball, 4MD, EV 100.0 MPH)
Batting: RHB Esteban Acuna 0-0: Called Strike
0-1: Ball
1-1: Ball
2-1: Called Strike
2-2: Ball
Passed Ball!
Pakiana Kileona to second
3-2: Base on Balls
Batting: LHB Mario Garza 0-0: Called Strike
0-1: Ball
1-1: Sac Bunt to 23 - play at first, batter OUT! 3-4
Pakiana Kileona to third
Esteban Acuna to second
Batting: SHB Felipe Campanella 0-0: Ground out 5-3 (Groundball, 5, EV 77.5 MPH)
Batting: RHB Gary Smith 0-0: Fly out, F9 (Flyball, 89M, EV 97.5 MPH)
Bottom of the 5th over - 0 runs, 1 hit, 0 errors, 2 left on base; Rice University 2 - Vanderbilt University 0
TOP OF THE 6TH
Rice University Owls batting - Pitching for Vanderbilt University Commodores : RHP Hector Agudelo
Batting: SHB Yu-hsui Lew 0-0: Ball
1-0: Ball
2-0: Called Strike
2-1: Called Strike
2-2: DOUBLE (Flyball, 78D, EV 105.6 MPH)
Batting: RHB Jordan Dugue 0-0: Called Strike
0-1: Foul Ball, location: 2F
0-2: Fly out, F9 (Flyball, 9LM, EV 92.5 MPH)
Batting: RHB Fred Saxton 0-0: Ball
1-0: Called Strike
1-1: Ball
2-1: Ball
3-1: Base on Balls
Batting: LHB David Coatney 0-0: Foul Ball, location: 2F
0-1: Ball
1-1: Fly out, F7 (Line Drive, 7, EV 91.9 MPH)
Pitching: LHP Kyle McGuire
Batting: SHB Joan Coucieiro 0-0: Ball
1-0: Ball
2-0: Foul Ball, location: 2F
2-1: Fielders Choice at 2nd, 5-4 (Groundball, 5, EV 91.9 MPH)
Top of the 6th over - 0 runs, 1 hit, 0 errors, 2 left on base; Rice University 2 - Vanderbilt University 0
BOTTOM OF THE 6TH
Vanderbilt University Commodores batting - Pitching for Rice University Owls : RHP Ruben Lozano
Batting: RHB Alex Diaz 0-0: Called Strike
0-1: Swinging Strike
0-2: Ball
1-2: Fly out, F8 (Flyball, 8LS, EV 84.4 MPH)
Pitching: LHP Killian Wellman
Batting: RHB Luis Jara 0-0: Ball
1-0: Foul Ball, location: 2F
1-1: Fly out, F7 (Line Drive, 7, EV 93.8 MPH)
Batting: LHB Pete Mitchell 0-0: Called Strike
0-1: Ball
1-1: Called Strike
1-2: Strikes out looking
Bottom of the 6th over - 0 runs, 0 hits, 0 errors, 0 left on base; Rice University 2 - Vanderbilt University 0
TOP OF THE 7TH
Rice University Owls batting - Pitching for Vanderbilt University Commodores : LHP Kyle McGuire
Pitching: RHP Craig Wayne
Batting: LHB Eddie Lemus 0-0: Ball
1-0: Called Strike
1-1: Foul Ball, location: 2F
1-2: Strikes out looking
Batting: RHB Yu-zeng Mai 0-0: SOLO HOME RUN (Flyball, 7D, EV 100.0 MPH), Distance : 377 ft
Batting: RHB Adrian Quilantan 0-0: Ball
1-0: Swinging Strike
1-1: Foul Ball, location: 2F
1-2: Ball
2-2: Foul Ball, location: 2F
2-2: Ball
3-2: Foul Ball, location: 2F
3-2: Strikes out swinging
Batting: RHB Alex Ruybalid 0-0: Ball
1-0: Called Strike
1-1: SINGLE (Line Drive, 8LS, EV 87.5 MPH)
Batting: SHB Yu-hsui Lew 0-0: Ball
1-0: Swinging Strike
1-1: Foul Ball, location: 2F
1-2: Ball
2-2: Strikes out swinging
Top of the 7th over - 1 run, 2 hits, 0 errors, 1 left on base; Rice University 3 - Vanderbilt University 0
BOTTOM OF THE 7TH
Vanderbilt University Commodores batting - Pitching for Rice University Owls : LHP Killian Wellman
Batting: LHB Jose Diaz 0-0: Ball
1-0: Foul Ball, location: 2F
1-1: Ball
2-1: Foul Ball, location: 2F
2-2: Ball
3-2: SINGLE (Groundball, 34D, EV 103.1 MPH)
Batting: RHB Pakiana Kileona 0-0: Ball
1-0: Ball
2-0: Ball
3-0: Base on Balls
Jose Diaz to second
Batting: RHB Esteban Acuna 0-0: Ball
1-0: Ball
2-0: Ball
3-0: Base on Balls
Jose Diaz to third
Pakiana Kileona to second
Pinch Hitting: SHB Hui Li 0-0: Ball
1-0: Ball
2-0: Ball
3-0: Called Strike
3-1: Called Strike
3-2: Grounds into fielders choice 6-2 (Groundball, 6, EV 98.1 MPH)
Pakiana Kileona to third
Esteban Acuna to second
Pitching: LHP Joel Brown
Batting: SHB Felipe Campanella 0-0: Foul Ball, location: 2F
0-1: Ball
1-1: Ball
2-1: Called Strike
2-2: Ball
3-2: Grounds into fielders choice 6-2 (Groundball, 56, EV 80.6 MPH)
Esteban Acuna to third
Hui Li to second
Batting: RHB Gary Smith 0-0: Swinging Strike
0-1: Ball
1-1: Swinging Strike
1-2: Strikes out swinging
Bottom of the 7th over - 0 runs, 1 hit, 0 errors, 3 left on base; Rice University 3 - Vanderbilt University 0
TOP OF THE 8TH
Rice University Owls batting - Pitching for Vanderbilt University Commodores : RHP Craig Wayne
Pitching: LHP Zach Harris
Now in LF: Hui Li
Batting: RHB Jordan Dugue 0-0: Ball
1-0: Ball
2-0: Called Strike
2-1: Swinging Strike
2-2: Strikes out swinging
Batting: RHB Fred Saxton 0-0: Ball
1-0: Ball
2-0: Called Strike
2-1: SINGLE (Groundball, 56D, EV 101.9 MPH)
Batting: LHB David Coatney 0-0: Ball
Fred Saxton steals 2nd base
1-0: Foul Ball, location: 2F
1-1: Ball
2-1: Fly out, F6 (Flyball, 6MD, EV 91.2 MPH)
Batting: SHB Joan Coucieiro 0-0: Ball
1-0: Called Strike
1-1: Called Strike
1-2: Ball
2-2: Ball
3-2: 2-RUN HOME RUN (Flyball, 9D, EV 93.8 MPH), Distance : 346 ft
Batting: LHB Eddie Lemus 0-0: Ball
1-0: Swinging Strike
1-1: SOLO HOME RUN (Flyball, 89XD, EV 105.6 MPH), Distance : 399 ft
Pitching: RHP Matt Lane
Batting: RHB Yu-zeng Mai 0-0: Ball
1-0: Called Strike
1-1: Fly out, F5 (Popup, 25F, EV 85.6 MPH)
Top of the 8th over - 3 runs, 3 hits, 0 errors, 0 left on base; Rice University 6 - Vanderbilt University 0
BOTTOM OF THE 8TH
Vanderbilt University Commodores batting - Pitching for Rice University Owls : LHP Joel Brown
Batting: RHB Alex Diaz 0-0: Called Strike
0-1: Ball
1-1: Foul Ball, location: 2F
1-2: Ball
2-2: Ball
3-2: Ground out 4-3 (Groundball, 4S, EV 89.4 MPH)
Batting: RHB Luis Jara 0-0: Ball
1-0: Ground out 5-3 (Groundball, 56S, EV 56.2 MPH)
Pinch Hitting: LHB Raul Aldaz 0-0: Ball
1-0: Called Strike
1-1: Ball
2-1: Ball
3-1: Foul Ball, location: 2F
3-2: Ground out 4-3 (Groundball, 4, EV 88.8 MPH)
Bottom of the 8th over - 0 runs, 0 hits, 0 errors, 0 left on base; Rice University 6 - Vanderbilt University 0
TOP OF THE 9TH
Rice University Owls batting - Pitching for Vanderbilt University Commodores : RHP Matt Lane
Now in RF: Raul Aldaz
Batting: RHB Adrian Quilantan 0-0: Ball
1-0: Ball
2-0: Ball
3-0: Called Strike
3-1: SINGLE (Line Drive, 34D, EV 98.1 MPH)
Batting: RHB Alex Ruybalid 0-0: Fly out, F9 (Flyball, 9, EV 93.1 MPH)
Batting: SHB Yu-hsui Lew 0-0: Ball
1-0: Swinging Strike
1-1: Ball
2-1: Swinging Strike
2-2: SINGLE (Line Drive, 4MD, EV 97.5 MPH)
Adrian Quilantan to second
Batting: RHB Russ Kennett 0-0: Ball
1-0: Called Strike
1-1: Ball
2-1: Ball
3-1: Foul Ball, location: 2F
3-2: Strikes out swinging
Pitching: RHP Milutin Mladjenovic
Batting: RHB Fred Saxton 0-0: Ball
1-0: Ball
2-0: Ball
3-0: Called Strike
3-1: Foul Ball, location: 2F
3-2: Base on Balls
Adrian Quilantan to third
Yu-hsui Lew to second
Batting: LHB David Coatney 0-0: Ball
1-0: Ball
2-0: Called Strike
2-1: Swinging Strike
2-2: Strikes out swinging
Top of the 9th over - 0 runs, 2 hits, 0 errors, 3 left on base; Rice University 6 - Vanderbilt University 0
BOTTOM OF THE 9TH
Vanderbilt University Commodores batting - Pitching for Rice University Owls : LHP Joel Brown
Pitching: RHP Steve Seaman
Batting: LHB Jose Diaz 0-0: Fly out, F9 (Flyball, 89S, EV 88.1 MPH)
Batting: RHB Pakiana Kileona 0-0: Foul Ball, location: 2F
0-1: Called Strike
0-2: Strikes out swinging
Batting: RHB Esteban Acuna 0-0: Ground out 6-3 (Groundball, 6, EV 83.1 MPH)
Bottom of the 9th over - 0 runs, 0 hits, 0 errors, 0 left on base; Rice University 6 - Vanderbilt University 0
Sunday, July 16th , 2023 - OOTP Baseball 24.6 Build 69